 Dungeon Crawl Stone Soup version 0.28.0-53-g5a82cb258f (webtiles) character file.

Game seed: 14312996443839986022

2991 pkoi the Zephyrmancer (level 9, 0/68 HPs)
             Began as a Demigod Air Elementalist on June 4, 2022.
             Killed by their own static electricity (2 damage)
             ... on level 1 of the Abyss on June 5, 2022.
             The game lasted 00:21:40 (15619 turns).

pkoi the Zephyrmancer (Demigod Air Elementalist)   Turns: 15619, Time: 00:21:41

Health: 0/68       AC: 11    Str:  9    XL:     9   Next: 29%
Magic:  12/27      EV: 14    Int: 29    God:
Gold:   258        SH:  0    Dex: 18    Spells: 3/16 levels left

rFire   . . .      SeeInvis +   h - +4 mace "Ryastrub" {flame, rC+ MP+9}
rCold   + . .      Faith    .   (no shield)
rNeg    . . .      Spirit   .   a - +0 robe
rPois   .          Reflect  .   (no helmet)
rElec   .          Harm     .   d - +2 cloak
rCorr   +          Rampage  .   q - +0 pair of gloves of the Okapi {Regen+ rCorr Dex+4 Stlth-}
Will    .....                   r - +0 pair of boots
Stlth   ++........              p - amulet of regeneration
HPRegen 1.81/turn               i - ring of see invisible
MPRegen 0.20/turn               u - +4 ring of protection

@: no status effects
A: high MP 1, forlorn, divine attributes
a: no special abilities


You were on level 1 of the Abyss.
You visited 1 branch of the dungeon, and saw 9 of its levels.
You visited the Abyss 1 time.

You collected 495 gold pieces.
You spent 237 gold pieces at shops.

Inventory:

Hand Weapons
 c - a +0 short sword
 e - a +0 dagger of electrocution
 h - the +4 mace "Ryastrub" (weapon) {flame, rC+ MP+9}
   (You found it on level 6 of the Dungeon)

   It burns those it strikes, dealing additional fire damage.
   rC:        It protects you from cold.
   MP:        It affects your magic capacity (+9).
 B - a +4 short sword of freezing
Missiles
 j - a throwing net
Armour
 a - a +0 robe (worn)
 d - a +2 cloak (worn)
 q - the +0 pair of gloves of the Okapi (worn) {Regen+ rCorr Dex+4 Stlth-}
   (You bought it in a shop on level 5 of the Dungeon)

   Dex:       It affects your dexterity (+4).
   Regen:     It increases your rate of health regeneration.
   rCorr:     It protects you from acid and corrosion.
   Stlth:     It makes you less stealthy.
 r - a +0 pair of boots (worn)
Jewellery
 i - a ring of see invisible (left hand)
 p - an amulet of regeneration (around neck)
 u - a +4 ring of protection (right hand)
Wands
 o - a wand of paralysis (6)
 t - a wand of charming (6)
Scrolls
 g - 2 scrolls of fog
 k - a scroll of fear
 l - 2 scrolls of teleportation
 s - a scroll of blinking
 y - a scroll of identify
Potions
 b - 3 potions of curing
 f - 3 potions of heal wounds
 m - a potion of degeneration {unknown}
 n - a potion of berserk rage
 v - a potion of haste
 w - a potion of mutation {unknown}
 x - a potion of might {unknown}
 z - a potion of ambrosia {unknown}
 A - a potion of lignification


   Skills:
 + Level 2.9 Fighting
 + Level 3.7 Dodging
 + Level 3.7 Stealth
 + Level 4.2 Spellcasting
 + Level 4.4 Conjurations
 + Level 8.7 Air Magic
 + Level 2.1 Earth Magic
 + Level 1.7 Evocations


You had 3 spell levels left.
You knew the following spells:

 Your Spells              Type           Power      Damage    Failure   Level
a - Shock                 Conj/Air       100%       1d9       1%          1
b - Static Discharge      Conj/Air       44%        N/A       1%          2
c - Airstrike             Air            27%        N/A       1%          4
d - Stone Arrow           Conj/Erth      50%        3d10      5%          3
q - Swiftness             Air            54%        N/A       1%          3

Your spell library contained the following spells:

 Spells                   Type           Power      Damage    Failure   Level
 Animate Skeleton         Necr           12%        N/A       7%          1
 Apportation              Tloc           12%        N/A       7%          1
 Summon Small Mammal      Summ           24%        N/A       7%          1
 Silence                  Hex/Air        15%        N/A       30%         5
 Animate Armour           Summ/Erth      24%        N/A       41%         4
 Passage of Golubria      Tloc           6%         N/A       56%         4
 Blade Hands              Tmut           3%         N/A       88%         5
 Summon Forest            Summ/Tloc      3%         N/A       88%         5
 Iron Shot                Conj/Erth      12%        9d3       95%         6
 Eringya's Noxious Bog    Tmut/Pois      3%         N/A       100%        6
 Summon Hydra             Summ           3%         N/A       100%        7
 Lehudib's Crystal Spear  Conj/Erth      12%        10d4      100%        8


Dungeon Overview and Level Annotations

Branches:
Dungeon (9/15)             Temple (0/1) D:6
   Lair: D:8-11         Orc: D:9-12

Shops:
D:5 [

Portals:
Bailey: D:9

Annotations:
D:8 wall vault, 1 runed translucent door, OhItsWolfy's ghost, novice HOFi
D:9 Erolcha


Innate Abilities, Weirdness & Mutations

You have an increased reservoir of magic. (+10% MP)
You shall have no god before yourself.
Your divine heritage dramatically boosts your attributes as you level up.


Message History

Aim: a purple draconian, wielding a +0 trident (empty space bonus: 6/8)
The air twists around and strikes the purple draconian!
The purple draconian is lightly wounded.
Casting: Airstrike (dangerous; 1% risk of failure)
Confirm with . or Enter, or press ? or * to list all spells.
Aiming: Airstrike (dangerous; 1% risk of failure)
Press: ? - help, Dir - move target, f/p - purple draconian
Aim: a purple draconian, wielding a +0 trident (lightly wounded, empty space bonus: 6/8)
The air twists around and strikes the purple draconian!
The purple draconian is moderately wounded.
The purple draconian breathes dispelling energy at you.
The bolt of dispelling energy hits you!!!
Ouch! That really hurt!
* * * LOW HITPOINT WARNING * * *
Casting: Airstrike (dangerous; 1% risk of failure)
Confirm with . or Enter, or press ? or * to list all spells.
Aiming: Airstrike (dangerous; 1% risk of failure)
Press: ? - help, Dir - move target, f/p - purple draconian
Aim: a purple draconian, wielding a +0 trident (moderately wounded, catching its breath, empty space bonus: 6/8)
The air twists around and strikes the purple draconian!
The purple draconian is moderately wounded.
The purple draconian barely misses you.
Casting: Airstrike (dangerous; 1% risk of failure)
Confirm with . or Enter, or press ? or * to list all spells.
The purple draconian is struck by an arc of lightning.
The purple draconian is moderately wounded.
You are struck by an arc of lightning.
* * * LOW HITPOINT WARNING * * *
The purple draconian is struck by an arc of lightning.
The purple draconian is moderately wounded.
The lightning grounds out.
The purple draconian hits you with a +0 trident!
* * * LOW HITPOINT WARNING * * *
Unknown command.
Casting: Static Discharge (safe; 1% risk of failure)
Confirm with . or Enter, or press ? or * to list all spells.
The purple draconian is struck by an arc of lightning.
The purple draconian is heavily wounded.
You are struck by an arc of lightning.
You die...

.....##
#####...##
#...§..... #
## ...#.. .#
# .#..§######
##.#
...###.##..#.
...# .
.##..#.#.#..
#.
.#....#.#.###
##....d@...#
#....#...##.#
#......#.#
....##.#.##..
# ....####
.... . .####
.### ... ..
.# ##


You could see a purple draconian.

Vanquished Creatures
  A smoke demon (Abyss:1)
  A wyvern (D:8)
  A steam dragon (D:8)
  2 water moccasins
  An ice beast (D:8)
  2 sky beasts
  A necrophage (D:7)
  An orc warrior (D:4)
  An ogre (D:6)
  3 phantoms
  2 kobold brigands
  A bullfrog (D:6)
  A gnoll sergeant (D:7)
  A wyvern zombie (D:4)
  2 scorpions
  A water moccasin skeleton (D:5)
  4 wights (D:8)
  A hound (D:6)
  A centaur skeleton (D:6)
  Crazy Yiuf (D:6)
  6 orc priests
  2 bullfrog skeletons (D:5)
  Natasha (thrice) (D:2)
  An iguana (D:6)
  4 orc wizards
  A hound zombie (D:5)
  Robin (D:2)
  A howler monkey skeleton (D:5)
  7 adders
  22 gnolls
  2 shadow imps
  2 ufetubi
  An adder skeleton (D:4)
  4 worms
  2 dart slugs (D:4)
  25 orcs
  12 endoplasms
  4 giant cockroaches
  21 goblins
  8 hobgoblins
  7 jackals
  3 quokkas
  7 ball pythons
  12 bats
  2 frilled lizards
  53 kobolds
  6 rats
248 creatures vanquished.

Notes
Turn   | Place    | Note
-------+----------+-------------------------------------------
     0 | D:1      | pkoi the Demigod Air Elementalist began the quest for the
                  | Orb.
     0 | D:1      | Reached XP level 1. HP: 14/14 MP: 5/5
   153 | D:1      | Reached skill level 3 in Air Magic
   663 | D:1      | Reached XP level 2. HP: 20/20 MP: 1/7
  1801 | D:2      | Noticed Robin
  1803 | D:2      | Reached XP level 3. HP: 26/26 MP: 6/8
  1804 | D:2      | Reached skill level 4 in Air Magic
  1821 | D:2      | Killed Robin
  2411 | D:2      | Noticed Natasha
  2417 | D:2      | Killed Natasha
  2418 | D:2      | Reached XP level 4. HP: 28/33 MP: 2/9
  2640 | D:2      | Reached skill level 5 in Air Magic
  2991 | D:2      | Noticed Natasha
  2997 | D:2      | Killed Natasha
  3219 | D:2      | Learned a level 3 spell: Swiftness
  3222 | D:2      | Learned a level 2 spell: Static Discharge
  3686 | D:3      | Reached XP level 5. HP: 38/38 MP: 7/10
  4589 | D:3      | Reached skill level 6 in Air Magic
  5617 | D:3      | Reached XP level 6. HP: 13/45 MP: 4/11
  5638 | D:2      | Noticed Natasha
  6147 | D:2      | Killed Natasha
  6785 | D:4      | You fall into a shaft and drop 3 floors!
  7184 | D:5      | Entered Level 5 of the Dungeon
  7281 | D:5      | Reached skill level 7 in Air Magic
  7849 | D:5      | Learned a level 4 spell: Airstrike
  7888 | D:5      | Reached skill level 1 in Conjurations
  7999 | D:4      | Reached XP level 7. HP: 50/50 MP: 8/14
  8933 | D:4      | Reached skill level 8 in Air Magic
 10325 | D:5      | Found Ajaolosch's Antique Armour Shoppe.
 10331 | D:5      | Bought a pair of ichor-stained gloves for 237 gold pieces
 10331 | D:5      | Identified the +0 pair of gloves of the Okapi {Regen+ rCorr
                  | Dex+4 Stlth-} (You bought it in a shop on level 5 of the
                  | Dungeon)
 10471 | D:5      | Reached XP level 8. HP: 49/58 MP: 6/16
 10711 | D:6      | Reached skill level 1 in Fighting
 12085 | D:6      | Found a staircase to the Ecumenical Temple.
 12122 | D:6      | Found a runed translucent door.
 12123 | D:6      | Noticed Crazy Yiuf
 12125 | D:6      | Identified the +4 mace "Ryastrub" {flame, rC+ MP+9}
 12137 | D:6      | Killed Crazy Yiuf
 12221 | D:6      | Learned a level 3 spell: Stone Arrow
 12772 | D:7      | Reached skill level 1 in Earth Magic
 14132 | D:8      | Reached skill level 1 in Evocations
 14132 | D:8      | Reached XP level 9. HP: 68/68 MP: 18/18
 14802 | D:8      | Found a runed translucent door.
 14802 | D:8      | Noticed a +2 rapier of chaos
 14802 | D:8      | Noticed OhItsWolfy's ghost (novice HOFi)
 15442 | D:9      | Found a flagged portal.
 15455 | D:9      | Noticed Erolcha
 15456 | D:9      | Cast into level 1 of the Abyss (Erolcha)
 15520 | Abyss:1  | Noticed a smoke demon
 15529 | Abyss:1  | Killed a smoke demon
 15597 | Abyss:1  | Noticed a thrashing horror
 15608 | Abyss:1  | Noticed a purple draconian
 15618 | Abyss:1  | HP: 2/68 [purple draconian/+0 trident (15)]
 15619 | Abyss:1  | Killed from afar by themself

Illustrated notes

Levels and vault maps discovered:
D:1:      mushboom_english_gardens, layout_loops_ring,
          shapermc_ecumenical_altar_pompeii
D:2:      layout_loops_ring, uniq_robin, uniq_natasha
D:3:      minmay_goblin_kobold_castle, layout_loops_cross
D:4:      layout_loops_ring
D:5:      layout_rooms, grunt_temple_overflow_open, serial_shops,
          nicolae_diamond_shop
D:6:      layout_loops_ring, mainiacjoe_overflow_surrounded_room, temple_green,
          uniq_crazy_yiuf_cottage
D:7:      layout_basic, lemuel_round_altar
D:8:      layout_loops_corners, ebering_ghost_xom, minivault_21
D:9:      layout_irregular_city, enter_bailey_5, uniq_erolcha
Abyss:1:  base:
D:2

Skill      XL: |  1  2  3  4  5  6  7  8  9 |
---------------+----------------------------+-----
Air Magic      | 3 4 5 6 7 8 |  8.7
Spellcasting   | 2 3 4 |  4.2
Conjurations   | 1 3 4 |  4.4
Dodging        | 2 3 |  3.7
Fighting       | 2 |  2.9
Stealth        | 3 |  3.7
Earth Magic    | 1 2 |  2.1
Evocations     | 1 |  1.7

Action                   |  1- 3 |  4- 6 |  7- 9 || total
-------------------------+-------+-------+-------++-------
Melee: Dagger            |     9 |    31 |    22 ||    62
       Punch             |       |     1 |     1 ||     2
       Unarmed           |       |    12 |       ||    12
       Mace              |       |       |     9 ||     9
 Cast: Shock             |    92 |   168 |   202 ||   462
       Static Discharge  |       |    17 |    17 ||    34
       Airstrike         |       |     3 |    47 ||    50
  Use: Scroll            |       |     4 |    11 ||    15
       Potion            |       |     2 |       ||     2
 Stab: Sleeping          |     1 |       |     1 ||     2
Armor: Robe              |     9 |    13 |    21 ||    43
       Skin              |       |    20 |       ||    20
Dodge: Dodged            |    17 |    35 |    49 ||   101
